 Dungeon Crawl Stone Soup version 0.27.0-1-g7a089689b8 (webtiles) character file.

Game seed: 9021555639997370028

110 robertstho the Skirmisher (level 4, -1/49 HPs)
             Began as an Octopode Berserker on Aug 5, 2021.
             Was a Believer of Trog.
             Slain by an adder (3 damage)
             ... on level 3 of the Dungeon.
             The game lasted 00:02:14 (2164 turns).

robertstho the Skirmisher (Octopode Berserker)      Turns: 2164, Time: 00:02:14

Health: -1/49      AC:  1    Str: 17    XL:     4   Next: 91%
Magic:  4/4        EV: 14    Int:  9    God:    Trog [**....]
Gold:   60         SH:  0    Dex: 11    Spells: 3/3 levels left

rFire    . . .     SeeInvis .   a - +0 short sword
rCold    . . .     Faith    .   (no shield)
rNeg     . . .     Spirit   .   (helmet restricted)
rPois    .         Reflect  .   (no amulet)
rElec    .         Harm     .   (no ring)
rCorr    .         Rampage  .   (no ring)
Will     .....                  (no ring)
Stlth    ..........             (no ring)
HPRegen  0.16/turn              (no ring)
MPRegen  0.09/turn              (no ring)
                                (no ring)
                                (no ring)

@: berserking, very quick
A: almost no armour, amphibious, 8 rings, camouflage 1, gelatinous body 1,
(nimble swimmer 1), tentacles
a: Renounce Religion, Berserk, Trog's Hand


You were on level 3 of the Dungeon.
You worshipped Trog.
Trog was pleased with you.
You visited 1 branch of the dungeon, and saw 3 of its levels.

You collected 60 gold pieces.

Inventory:

Hand Weapons
 a - a +0 short sword (weapon)
Jewellery
 g - an amulet of regeneration
Scrolls
 b - a scroll of fear {unknown}
 c - 2 scrolls of acquirement {unknown}
 e - a scroll of identify {unknown}
Potions
 d - a potion of flight {unknown}
 f - a potion of cancellation {unknown}


   Skills:
 * Level 4.0 Fighting
 + Level 3.6 Short Blades
 + Level 3.7 Dodging
 * Level 2.6 Stealth


You had 3 spell levels left.
You didn't know any spells.
Your spell library was empty.

Dungeon Overview and Level Annotations

Branches:
Dungeon (3/15)

Altars:


Innate Abilities, Weirdness & Mutations

You cannot wear most types of armour.
You are amphibious.
You can wear up to eight rings at the same time.
Your skin changes colour to match your surroundings (Stealth+).
Your rubbery body absorbs attacks. (AC +1, EV +1)
((You are camouflaged near water. (Stealth+)))
You have tentacles for arms and can constrict up to eight enemies at once.


Message History

A red film seems to cover your vision as you go berserk!
You feel yourself moving faster!
You feel mighty!
You constrict the orc, but do no damage.
The orc hits you with a +0 mace.
* * * LOW HITPOINT WARNING * * *
The orc hits you with a +0 dagger.
* * * LOW HITPOINT WARNING * * *
You closely miss the orc priest. You grab the orc priest.
You squeeze the orc priest.
The orc priest is lightly wounded.
You constrict the orc. You constrict the orc priest.
The orc priest barely misses you.
You puncture the orc priest!
You kill the orc priest!
Trog accepts your kill.
You constrict the orc. The orc barely misses you. The orc closely misses you.
Your Fighting skill increases to level 4!
Unknown command.
You hit the orc.
You kill the orc!
Trog accepts your kill. The orc barely misses you.
You barely miss the orc. Your grab misses the orc. The adder bites you.
* * * LOW HITPOINT WARNING * * *
You miss the adder. Your grab misses the adder. Your squeeze misses the adder.
The orc hits you with a +0 mace.
* * * LOW HITPOINT WARNING * * *
The adder bites you.
* * * LOW HITPOINT WARNING * * *
You miss the adder. Your grab misses the adder.
The orc hits you with a +0 mace.
* * * LOW HITPOINT WARNING * * *
You completely miss the adder. Your grab misses the adder.
Your squeeze misses the adder. The adder barely misses you.
You closely miss the adder. You grab the adder. You constrict the adder.
The orc barely misses you. The adder barely misses you.
You hit the adder.
The adder is heavily wounded.
You constrict the adder. The adder bites you.
You die...

#...# #####...##
....".....
....... ......
#..n# #.So# #.)@#
.#
#...########.##..
#...............#
########..##.## #
#...#.##.#
###..#.......
#...###.##.##
.##.##.#..#.###.#
................#


You could see a necrophage, an adder and an orc.

Vanquished Creatures
  An orc priest (D:3)
  A worm (D:2)
  A dart slug (D:1)
  An orc (D:3)
  3 ball pythons
  5 bats
  4 endoplasms
  2 giant cockroaches (D:1)
  4 goblins
  9 hobgoblins
  20 jackals
  3 kobolds (D:1)
  2 quokkas
  A frilled lizard (D:1)
  5 rats
62 creatures vanquished.

Notes
Turn   | Place    | Note
-------+----------+-------------------------------------------
     0 | D:1      | robertstho the Octopode Berserker began the quest for the
                  | Orb.
     0 | D:1      | Reached XP level 1. HP: 16/16 MP: 1/1
   134 | D:1      | Reached XP level 2. HP: 15/21 MP: 2/2
   397 | D:1      | Reached skill level 1 in Stealth
   551 | D:1      | Reached XP level 3. HP: 23/26 MP: 3/3
   626 | D:1      | Reached ** piety under Trog
  1187 | D:2      | Reached XP level 4. HP: 18/33 MP: 4/4
  2112 | D:3      | Found a faded altar of an unknown god.
  2152 | D:3      | Noticed a necrophage
  2158 | D:3      | Reached skill level 4 in Fighting
  2161 | D:3      | HP: 1/49 [orc (2)]
  2164 | D:3      | Slain by an adder

Illustrated notes

Levels and vault maps discovered:
D:1:      ncdulo_lavacross, layout_basic
D:2:      layout_basic
D:3:      layout_loops_cross, mainiacjoe_overflow_six_doors_small,
          hellmonk_ecumenical_altar_crossroads

Skill      XL: |  1  2  3  4 |
---------------+-------------+-----
Stealth        | 1 2 |  2.6
Fighting       | 4 |  4.0
Short Blades   | |  3.6
Dodging        | |  3.7

Action                   |  1- 3 |  4- 6 || total
-------------------------+-------+-------++-------
Melee: Short sword       |    80 |    48 ||   128
       Tentacles         |    15 |     6 ||    21
       Constrict         |    26 |    13 ||    39
Invok: Berserk           |     1 |     1 ||     2
 Stab: Sleeping          |     2 |     4 ||     6
Armor: Skin              |     7 |     4 ||    11
Dodge: Dodged            |    59 |    35 ||    94
